Unix NetHack Version 5.0.0-0 post-release - last build May  4 2026 22:22:43 (774f63e81ad911689b3a0859ea89b322d5daca8d,branch:main).

Game began 2026-05-09 01:24:19, ended 2026-05-09 01:29:05.

Kwijibo4686, neutral female human Valkyrie

                                                        -----------
                                        -------         .........$|
                          -----        #......|    #    |.........|
                          |....        #|.....-#########-...>.....|
                          ..........  ##|.....|# ##     |s.r......|
                          |....        #-------         ...s@e....|
                          -----        #                -----------
                                       ##
                                      #)
                                      #        -----
                             -------- #        |...|
                             ........ #   #####....|#                 -------
                             |..>....|#   #    |...-##################-.....|
                             |........#####    |..[|############      |.....|
                             ---------         -----                  +...<.|
                                                                      ---.---
                                                                         #

Kwijibo4686 the Skirmisher  St:18 Dx:14 Co:17 In:9 Wi:8 Ch:9  Neutral
Dlvl:4  $:156 HP:0(36) Pw:7(7) AC:5  Xp:3 T:904 

Latest messages:
 You see here an apron.
 The hobbit wields an elven dagger!
 You miss the hobbit.
 You kill the hobbit!
 Welcome to experience level 3.
 You feel stealthy!
 k - a scroll labeled MAPIRO MAHAMA DIROMAT.
 j - a scroll labeled READ ME (2 in total).
 l - a fortune cookie.
 There is a hobbit corpse here; eat it? [ynq] (n) y
 Blecch!  Rotten food!
 You finish eating the hobbit corpse.
 $ - 10 gold pieces (156 in total).
 m - a puce potion.
 There is nothing here to pick up.
 The door opens.
 The door opens.
 You see here a food ration.
 You learn more about your items by comparing them.
 d - an uncursed food ration (2 in total).
 You hit the floating eye.
 You are frozen by the floating eye's gaze!
 The cave spider bites!
 The cave spider bites!
 The cave spider bites!
 The cave spider bites!
 The giant rat bites!
 The cave spider bites!
 The giant rat bites!
 The cave spider bites!
 The giant rat bites!
 The cave spider bites!
 The giant rat bites!
 The cave spider bites!
 The cave spider bites!
 The giant rat bites!
 The cave spider bites!
 The giant rat bites!
 The cave spider bites!
 The giant rat bites!
 The cave spider bites!
 The giant rat bites!
 The cave spider bites!
 The giant rat bites!
 You die...
 Do you want your possessions identified? [ynq] (y) y
 Do you want to see your attributes? [ynq] (y) y
 Do you want an account of creatures vanquished? [ynaq] (y) y
 Do you want to see your conduct and achievements? [ynq] (y) y
 Do you want to see the dungeon overview? [ynq] (y) y

Inventory:
 Coins    ('$')
  $ - 156 gold pieces
 Amulets  ('"')
  h - a cursed amulet of restful sleep
 Weapons  (')')
  b - a +0 dagger (alternate weapon; not wielded)
  a - a corroded +1 spear (weapon in right hand)
 Armor    ('[')
  g - an uncursed +0 orcish helm (being worn)
  c - an uncursed +3 small shield (being worn)
 Comestibles  ('%')
  d - 2 uncursed food rations
  l - an uncursed fortune cookie
 Scrolls  ('?')
  k - an uncursed scroll of earth
  i - an uncursed scroll of light
  j - 2 uncursed scrolls of teleportation
 Potions  ('!')
  m - an uncursed potion of full healing

Kwijibo4686 the Valkyrie's attributes:

Background:
 You were a Skirmisher, a level 3 human Valkyrie.
 You were neutral, on a mission for Odin
 who was opposed by Tyr (lawful) and Loki (chaotic).
 You were right-handed.
 You were in the Dungeons of Doom, on level 4.
 You entered the dungeon 904 turns ago.
 It was nighttime.
 You had 44 experience points, 36 more were needed to attain level 4.

Basics:
 You had 0 out of 36 hit points.
 You had all 7 energy points (spell power).
 Your armor class was 5.
 Your wallet contained 156 zorkmids.
 Autopickup was on for '$?!/="' plus thrown.

Final Characteristics:
 Your strength was 18 (limit:18/100).
 Your dexterity was 14 (limit:18).
 Your constitution was 17 (limit:18).
 Your intelligence was 9 (limit:18).
 Your wisdom was 8 (limit:18).
 Your charisma was 9 (limit:18).

Final Status:
 You weren't hungry.
 You were unencumbered.
 You were wielding a spear.
 You had basic skill with spear.

Final Attributes:
 You were devoutly aligned.
 You were cold resistant.
 You were stealthy.
 You are dead.

Miscellaneous:
 You didn't encounter any bones levels.
 Total elapsed playing time was 4 minutes and 45 seconds.

Major events:
 Turn
    1: Kwijibo4686 the neutral human Valkyrie entered the dungeon
  851: attained the rank of Skirmisher (level 3)
  904: killed by a giant rat, while frozen by a floating eye's gaze

You didn't know any spells.

Skills:
 Fighting Skills
   bare handed combat [Unskilled]
   two weapon combat  [Unskilled]
   riding             [Unskilled]
 Weapon Skills
   dagger             [Basic]
   axe                [Unskilled]
   pick-axe           [Unskilled]
   short sword        [Unskilled]
   broadsword         [Unskilled]
   long sword         [Unskilled]
   two-handed sword   [Unskilled]
   saber              [Unskilled]
   hammer             [Unskilled]
   quarterstaff       [Unskilled]
   polearms           [Unskilled]
   spear              [Basic]
   trident            [Unskilled]
   lance              [Unskilled]
   sling              [Unskilled]
 Spellcasting Skills
   attack spells      [Unskilled]
   escape spells      [Unskilled]

Voluntary challenges:
 Character rerolling was not enabled.
 You were an atheist.
 You were illiterate.
 You never genocided any monsters.
 You never polymorphed an object.
 You never changed form.
 You used no wishes.
Achievement:
 You attained the rank of Skirmisher.

 The Dungeons of Doom: levels 1 to 4
    Level 1:
    Level 2:
       A fountain.
    Level 3:
       A fountain.
    Level 4: <- You were here.
       Final resting place for
          you, killed by a giant rat, while frozen by a floating eye's gaze.


Vanquished creatures:
  a kitten
 an acid blob
  a coyote
  a hobbit
  a yellow mold
  3 jackals
  2 foxes
  3 goblins
  3 grid bugs
  a kobold zombie
  a newt
18 creatures vanquished.

No species were genocided or became extinct.

Game over:
                       ----------
                      /          \
                     /    REST    \
                    /      IN      \
                   /     PEACE      \
                  /                  \
                  |   Kwijibo4686    |
                  |      156 Au      |
                  |   killed by a    |
                  |    giant rat     |
                  |                  |
                  |                  |
                  |       2026       |
                 *|     *  *  *      | *
        _________)/\\_//(\/(/\)/\//\/|_)_______

Farvel Kwijibo4686 the Valkyrie...

You died in The Dungeons of Doom on dungeon level 4 with 467 points,
and 156 pieces of gold, after 904 moves.
You were level 3 with a maximum of 36 hit points when you died.

